 Dungeon Crawl Stone Soup version 0.29-a0-813-g4a14ea37d6 (webtiles) character file.

Game seed: 15756378882996302603

734 purpskrrrp the Covered (level 7, -12/53 HPs)
             Began as a Demonspawn Fighter on July 4, 2022.
             Mangled by an ogre
             ... wielding a +0 giant club
              (23 damage)
             ... on level 5 of the Dungeon.
             The game lasted 00:14:36 (4429 turns).

purpskrrrp the Covered (Demonspawn Fighter)         Turns: 4429, Time: 00:14:37

Health: -12/53     AC: 14    Str: 18    XL:     7   Next: 45%
Magic:  7/7        EV: 13    Int:  9    God:
Gold:   184        SH:  5    Dex: 13    Spells: 6/6 levels left

rFire   . . .      SeeInvis .   k - +4 short sword (drain)
rCold   . . .      Faith    .   c - +0 buckler
rNeg    . . .      Spirit   .   b - +0 scale mail
rPois   .          Reflect  .   j - +0 hat
rElec   .          Harm     .   (no cloak)
rCorr   .          Rampage  .   (no gloves)
Will    .....                   t - +0 pair of boots
Stlth   +.........              (no amulet)
HPRegen 0.17/turn               n - +4 ring of evasion
MPRegen 0.10/turn               l - +4 ring of protection

@: no status effects
A: horns 2, slimy green scales 1, powered by pain 1
a: no special abilities


You were on level 5 of the Dungeon.
You visited 1 branch of the dungeon, and saw 5 of its levels.

You collected 184 gold pieces.

Inventory:

Hand Weapons
 a - a +0 long sword
 k - a +4 short sword of draining (weapon)
 p - a +2 dagger of venom
Missiles
 e - 3 poisoned darts
 m - 3 javelins (quivered)
Armour
 b - a +0 scale mail (worn)
 c - a +0 buckler (worn)
 j - a +0 hat (worn)
 t - a +0 pair of boots (worn)
Jewellery
 f - a ring of wizardry
 l - a +4 ring of protection (right hand)
 n - a +4 ring of evasion (left hand)
Scrolls
 s - a scroll of fear {unknown}
Potions
 d - 2 potions of might
 g - 3 potions of cancellation
 h - a potion of lignification
 i - 2 potions of ambrosia
 o - 3 potions of curing
 q - 3 potions of attraction
 r - a potion of brilliance
 u - 2 potions of mutation {unknown}
 v - a potion of berserk rage {unknown}
 w - a potion of heal wounds {unknown}


   Skills:
 + Level 3.8 Fighting
 * Level 3.5(4.2) Short Blades
 - Level 3.4(4.1) Long Blades
 + Level 1.1 Throwing
 + Level 4.2 Armour
 + Level 1.6 Dodging
 * Level 2.4 Stealth
 + Level 3.5 Shields


You had 6 spell levels left.
You didn't know any spells.
Your spell library was empty.

Dungeon Overview and Level Annotations

Branches:
Dungeon (5/15)
 Temple: D:4-7

Altars:
Gozag
Qazlal

Annotations:
D:3 2 transporters
D:4 2 transporters, Triskal's ghost, novice FoFi


Innate Abilities, Weirdness & Mutations

You have a pair of horns on your head.
You are partially covered in slimy green scales. (AC +2)
You sometimes gain a little power by taking damage.


Message History

You barely miss the ice beast. Your headbutt misses the ice beast.
The ice beast is almost dead.
The ice beast completely misses you.
You barely miss the ice beast.
You headbutt the ice beast, but do no damage.
The ice beast is almost dead.
You hit the ice beast. You drain the ice beast.
You kill the ice beast!
An iguana comes into view.
The iguana hisses angrily.
An ogre comes into view. It is wielding a +0 giant club.
Found 2 emerald potions.
The ogre shouts!
The iguana bites you but does no damage.
You hit the iguana. You drain the iguana.
The iguana is heavily wounded.
You block the iguana's attack.
You completely miss the iguana.
The iguana is heavily wounded.
The iguana bites you but does no damage.
The iguana attacks as you move away! You block the iguana's attack.
The ogre attacks as you move away! The ogre closely misses you.
The ogre attacks as you move away! You block the ogre's attack.
The iguana attacks as you move away! The iguana barely misses you.
You hit the iguana.
The iguana is severely wounded.
The iguana bites you but does no damage.
You barely miss the ogre.
The ogre hits you with a +0 giant club!!
* * * LOW HITPOINT WARNING * * *
You block the iguana's attack.
You hit the ogre.
The ogre is lightly wounded.
You hear the slow hiss of an avalanche of sand nearby.
The iguana barely misses you.
You hit the ogre.
You headbutt the ogre, but do no damage.
The ogre is moderately wounded.
The ogre hits you with a +0 giant club!!
You die...

#.....# .# #.....# .# #.....#
... #.####..)..# ......
##+#####..........#
......##.......#####.†...#
...........>..')..).....#
#...........).####.....#
#^.......@..)#.# #.....#
#.......lO...##.##.....###
######..........# #.##'#(...#
#...............####.#.#....#
#..................##..+....†
#.........##.........#.#....#
####.........##.........###....#
#............#####......# #....#
#............# #......# #....#


You could see an ogre and an iguana (very drained).

Vanquished Creatures
  Duvessa (D:5)
  An ice beast (D:5)
  A centaur (D:4)
  Dowan (D:5)
  An orc priest (D:3)
  A hound (D:4)
  A jelly (D:5)
  5 iguanas
  8 adders
  A shadow imp (D:5)
  A white imp (D:3)
  3 dart slugs
  12 orcs
  7 bats
  3 endoplasms
  5 giant cockroaches
  6 goblins
  5 hobgoblins
  2 jackals (D:5)
  9 kobolds
  2 quokkas
  7 ball pythons
  4 frilled lizards
  4 rats
91 creatures vanquished.

Notes
Turn   | Place    | Note
-------+----------+-------------------------------------------
     0 | D:1      | purpskrrrp the Demonspawn Fighter began the quest for the
                  | Orb.
     0 | D:1      | Reached XP level 1. HP: 18/18 MP: 1/1
   319 | D:1      | Reached skill level 3 in Armour
   319 | D:1      | Gained mutation: You sometimes gain a little power by
                  | taking damage. [demonic ancestry]
   319 | D:1      | Reached XP level 2. HP: 12/24 MP: 2/2
  1214 | D:2      | Gained mutation: You have a pair of small horns on your
                  | head. [demonic ancestry]
  1214 | D:2      | Reached XP level 3. HP: 11/29 MP: 3/3
  2358 | D:3      | Found a transporter.
  2368 | D:3      | Gained mutation: You have a pair of horns on your head.
                  | [demonic ancestry]
  2368 | D:3      | Reached XP level 4. HP: 35/35 MP: 4/4
  2368 | D:3      | Noticed an ogre
  2373 | D:3      | Noticed a black bear
  2374 | D:3      | Found a transporter.
  2728 | D:3      | Gained mutation: You are partially covered in slimy green
                  | scales. (AC +2) [demonic ancestry]
  2728 | D:3      | Reached XP level 5. HP: 41/41 MP: 5/5
  2921 | D:3      | Found a stormy altar of Qazlal.
  2922 | D:3      | Found an opulent altar of Gozag.
  3045 | D:4      | Reached skill level 1 in Short Blades
  3152 | D:4      | Noticed a centaur
  3156 | D:4      | Reached skill level 1 in Dodging
  3167 | D:4      | Killed a centaur
  3168 | D:4      | Reached skill level 1 in Stealth
  3168 | D:4      | Reached XP level 6. HP: 33/47 MP: 6/6
  3265 | D:4      | Noticed Triskal's ghost (novice FoFi)
  3601 | D:4      | Found a transporter.
  3746 | D:4      | Found a transporter.
  3773 | D:4      | Reached skill level 4 in Armour
  4223 | D:5      | Entered Level 5 of the Dungeon
  4328 | D:5      | Noticed Dowan
  4328 | D:5      | Noticed Duvessa
  4331 | D:5      | Reached skill level 1 in Throwing
  4346 | D:5      | Killed Duvessa
  4347 | D:5      | Reached XP level 7. HP: 33/53 MP: 7/7
  4355 | D:5      | Killed Dowan
  4429 | D:5      | Mangled by an ogre

Illustrated notes

Levels and vault maps discovered:
D:1:      dpeg_arrival_tiny_i, layout_loops_corners, minmay_misc_feat_tiny
D:2:      layout_loops_ring
D:3:      layout_rooms, gammafunk_temple_overflow_arena
D:4:      layout_basic, serial_corexii_hall, corexii_hall_statues_deadend,
          chequers_hall_statues_y, gammafunk_ghost_stat_death,
          minmay_misc_feat_roman, nrook_loot_triangle
D:5:      layout_basic, enter_ossuary_5, uniq_duvessa

Skill      XL: |  1  2  3  4  5  6  7 |
---------------+----------------------+-----
Armour         | 3 4 |  4.2
Long Blades    | 2 3 |  3.4
Shields        | 3 |  3.5
Short Blades   | 1 2 3 |  3.5
Dodging        | 1 |  1.6
Stealth        | 1 2 |  2.4
Throwing       | 1 |  1.1
Fighting       | |  3.8

Action                   |  1- 3 |  4- 6 |  7- 9 || total
-------------------------+-------+-------+-------++-------
Melee: Long sword        |   128 |    10 |       ||   138
       Headbutt          |    12 |    26 |     7 ||    45
       Dagger            |       |    40 |       ||    40
       Short sword       |       |    82 |    27 ||   109
Throw: Javelin           |       |     4 |       ||     4
  Use: Scroll            |     4 |    10 |       ||    14
Armor: Scale mail        |    57 |    72 |    10 ||   139
Dodge: Dodged            |    57 |    54 |     9 ||   120
Block: Buckler           |    29 |    26 |     6 ||    61

Table legend: (Time is in decaauts)
 A = Elapsed time spent in this place.
 B = Non-inter-level travel time spent in this place.
 C = Inter-level travel time spent in this place.
 D = Time resting spent in this place.
 E = Time spent auto-exploring this place.
 F = Levels seen in this place.
 G = Mean time per level.
                   A        B        C        D        E       F      G
               +--------+--------+--------+--------+--------+-----+--------+
         Total |   4466 |   4014 |    452 |    299 |   2947 |   5 |  893.2 |
       Dungeon |   4466 |   4014 |    452 |    299 |   2947 |   5 |  893.2 |
               +--------+--------+--------+--------+--------+-----+--------+

Top non-repeatable levels by time:
     D:4: 1238 daAuts
     D:1: 1215 daAuts
     D:2: 1175 daAuts
     D:3: 634 daAuts
     D:5: 203 daAuts
